Panthers vs Blackhawks

Created - March 12, 2020 at 23:49

Goals
1 2 3 T
Panthers 3 3 2 8
Blackhawks 0 2 1 3
Shots
1 2 3 T
Panthers 10 13 6 29
Blackhawks 7 9 6 22

1st period

1. Panthers , David Booth 16 (Chad Larose 9) at 0:32
2. Panthers , Erik Gudbranson 8 (Chad Larose 10, Petr Mrazek) at 14:16 (PP)
3. Panthers , Drew Stafford 9 (Stephen Weiss 19, Linus Omark 10) at 16:34

Penalties :
Stephen Weiss (Flo) for Hooking (Minor) at 11:37, Rick Nash (Chi) for Hooking (Minor) at 12:54, Chad Larose (Flo) for Hooking (Minor) at 17:17, Gabriel Bourque (Chi) for Holding Stick (Minor) at 19:45

2nd period

4. Blackhawks , Tomas Fleischmann 11 (Mike Green 21, Brandon Yip 5) at 3:30
5. Panthers , Alex Galchenyuk 31 (Matt Duchene 44) at 3:36
6. Blackhawks , Derick Brassard 34 (Antoine Roussel 19, John Carlson 39) at 4:11 (PP)
7. Panthers , David Booth 17 (Travis Zajac 14, Chad Larose 11) at 5:49 (PP)
8. Panthers , Alex Galchenyuk 32 (Matt Duchene 45, Brandon Gormley 11) at 7:37

Penalties :
Erik Gudbranson (Flo) for Slashing (Minor) at 3:54, Nathan Horton (Chi) for Cross-checking (Minor) at 5:16, Mike Green (Chi) for Diving (Minor) at 7:42, Stephen Weiss (Flo) for Roughing (Minor) at 12:58, Mike Green (Chi) for High sticking (Minor) at 16:35

3rd period

9. Panthers , Matt Duchene 31 (Erik Gudbranson 23, Marek Svatos 24) at 0:15
10. Panthers , Linus Omark 9 (Stephen Weiss 20, Drew Stafford 26) at 14:58
11. Blackhawks , Antoine Roussel 24 (Seth Jones 12, Derick Brassard 64) at 16:12

Penalties :
David Jones (Chi) for Tripping (Minor) at 1:49, Alex Galchenyuk (Flo) for Hooking (Minor) at 8:37, Mike Green (Chi) for Fighting (Major) at 14:59, Alex Galchenyuk (Flo) for Fighting (Major) at 14:59

Goalie Stats

Petr Mrazek (Flo), 19 saves from 22 shots - (0.864), W, 22-15-2, 60:00 minutes
Jimmy Howard (Chi), 9 saves from 13 shots - (0.692), L, 26-19-4, 23:36 minutes
Ray Emery (Chi), 12 saves from 16 shots - (0.750), 36:24 minutes

Players Stats for Panthers

Player Name              G  A  P  +/- PIM S  H  SB GA TA FO     MP     PP MP  PK MP  
------------------------------------------------------------------------------------
Alex Galchenyuk          2  0  2   2  7   5  0  0  1  0  1/2    19:06   5:32   1:11 
Brandon Gormley          0  1  1   1  0   1  1  0  0  0  0/0    17:24   3:02   0:20 
Chad Larose              0  3  3   1  2   1  1  0  0  0  1/1    17:45   3:37   3:19 
Daniel Paille            0  0  0   0  0   1  0  1  0  1  0/0     8:05   0:00   0:36 
David Booth              2  0  2   0  0   5  1  0  0  0  0/0    15:15   3:37   0:00 
Drew Stafford            1  1  2   2  0   1  1  0  0  0  0/1    13:28   0:00   1:37 
Erik Gudbranson          1  1  2   2  2   4  5  0  1  2  0/0    27:19   6:07   3:42 
Jonathan Sigalet         0  0  0   2  0   1  3  1  0  0  0/0    23:10   3:42   3:32 
Kyle Wellwood            0  0  0   0  0   0  0  1  0  0  1/2     7:58   0:00   1:37 
Linus Omark              1  1  2   2  0   2  0  1  1  0  1/2    13:17   0:00   1:35 
Marek Svatos             0  1  1   1  0   1  1  0  0  0  0/0    19:05   5:07   0:00 
Matt Duchene             1  2  3   1  0   2  0  0  0  0  14/30  20:51   5:32   0:39 
Matt Irwin               0  0  0   1  0   0  0  0  0  0  0/0    11:43   0:00   0:00 
Patrick Eaves            0  0  0   0  0   1  0  0  1  0  0/0     6:05   0:00   0:00 
Stephen Weiss            0  2  2   2  4   2  2  0  0  0  2/9    12:05   0:25   0:00 
Steve Montador           0  0  0   1  0   0  0  1  0  1  0/0    15:22   0:00   3:32 
Taylor Chorney           0  0  0   1  0   1  0  2  0  1  0/0    25:01   5:27   3:56 
Travis Zajac             0  1  1   1  0   1  0  0  0  0  7/13   18:42   3:37   4:28 

Players Stats for Blackhawks

Player Name              G  A  P  +/- PIM S  H  SB GA TA FO     MP     PP MP  PK MP  
------------------------------------------------------------------------------------
Antoine Roussel          1  1  2  -1  0   3  0  0  2  1  0/2    23:46   4:47   5:06 
Brandon Yip              0  1  1   0  0   1  2  0  0  0  0/1    11:18   0:00   1:10 
Chris Kreider            0  0  0  -2  0   2  2  1  0  0  0/1    17:46   2:44   3:27 
Cody Hodgson             0  0  0  -2  0   2  2  0  0  0  4/5    13:49   2:44   0:00 
David Jones              0  0  0  -1  2   0  1  0  0  0  0/0     8:14   0:00   0:00 
Derick Brassard          1  1  2  -1  0   1  0  0  0  0  20/37  23:46   4:47   5:06 
Erik Christensen         0  0  0   0  0   1  0  0  0  0  4/6    10:24   0:00   0:27 
Gabriel Bourque          0  0  0  -1  2   0  0  1  0  0  0/0     8:36   0:00   0:36 
John Carlson             0  1  1  -2  0   2  4  1  0  0  0/0    29:36   4:46   5:18 
Justin Falk              0  0  0  -2  0   0  0  3  0  1  0/0    21:20   2:45   3:37 
Kevin Marshall           0  0  0   0  0   0  1  1  0  0  0/0    10:54   0:00   2:13 
Matthew Spiller          0  0  0  -2  0   2  1  1  1  1  0/0    21:41   2:45   3:58 
Mike Green               0  1  1  -3  9   2  2  1  2  0  0/0    25:17   4:46   3:10 
Nathan Horton            0  0  0  -2  2   0  0  0  0  0  0/1    13:48   2:44   0:00 
Rick Nash                0  0  0  -1  2   1  3  0  0  0  3/4    20:45   4:46   2:26 
Scott Gomez              0  0  0  -1  0   1  2  0  0  0  1/1     7:54   0:00   0:00 
Seth Jones               0  1  1   1  0   2  0  0  0  0  0/0    11:11   0:00   0:02 
Tomas Fleischmann        1  0  1   0  0   2  3  0  0  1  1/2     9:57   0:00   0:00 

3 Stars

1 - Matt Duchene (Flo)
2 - Erik Gudbranson (Flo)
3 - Drew Stafford (Flo)

Power Play

Panthers - 2 on 6 Attempt(s) - 33.33%
Blackhawks - 1 on 5 Attempt(s) - 20.00%

Penalty Kill

Panthers - 4 on 5 Attempt(s) - 80.00% - Score 0 goal in Penalty Kill
Blackhawks - 4 on 6 Attempt(s) - 66.67% - Score 0 goal in Penalty Kill

Team Stat

Panthers - Hits : 15 - Faceoff Wins : 27 - Blocked Shots : 7 - Penalty Minutes : 15
Blackhawks - Hits : 23 - Faceoff Wins : 33 - Blocked Shots : 9 - Penalty Minutes : 17

Official

Referees : Unknown
Linesman : Unknown

Game Notes

Ray Emery enters game at 3:36 of 2nd period
Mike Green beats up Alex Galchenyuk at 14:59 of 3rd period

Finance

Level 1 -- Attendance: 6000 (100.00%) -- Ticket Income $582,000
Level 2 -- Attendance: 4909 (98.18%) -- Ticket Income $319,085
Level 3 -- Attendance: 2000 (100.00%) -- Ticket Income $80,000
Level 4 -- Attendance: 4000 (100.00%) -- Ticket Income $100,000
Luxury Box -- Attendance: 873 (87.30%) -- Ticket Income $164,124
Game was played at the Rexall Place.
Total Attendance: 17782 (98.79%)
Total Ticket Income: $1,245,209
Other Income: $186,781
Total Income: $1,431,990

Panthers

5 vs 5 Forward 
   Center                   Left Wing                Right Wing               Time % Phy DF OF 
 1 Matt Duchene             Alex Galchenyuk          Marek Svatos             40     0   2  3  
 2 Travis Zajac             David Booth              Chad Larose              30     0   2  3  
 3 Stephen Weiss            Linus Omark              Drew Stafford            20     0   3  2  
 4 Kyle Wellwood            Daniel Paille            Patrick Eaves            10     1   2  2  

5 vs 5 Defense 
   Defense                  Defense                                           Time % Phy DF OF 
 1 Erik Gudbranson          Jonathan Sigalet                                  40     0   2  3  
 2 Taylor Chorney           Brandon Gormley                                   30     0   2  3  
 3 Steve Montador           Matt Irwin                                        20     0   3  2  
 4 Erik Gudbranson          Jonathan Sigalet                                  10     0   2  3  

PowerPlay Forward 
   Center                   Left Wing                Right Wing               Time % Phy DF OF 
 1 Matt Duchene             Alex Galchenyuk          Marek Svatos             60     0   1  4  
 2 Travis Zajac             David Booth              Chad Larose              40     0   1  4  

PowerPlay Defense
   Defense                  Defense                                           Time % Phy DF OF 
 1 Erik Gudbranson          Taylor Chorney                                    60     0   2  3  
 2 Jonathan Sigalet         Brandon Gormley                                   40     0   2  3  

Penalty Kill 4 Players Forward 
   Center                   Wing                     Time % Phy DF OF 
 1 Travis Zajac             Chad Larose              60     1   3  1  
 2 Kyle Wellwood            Drew Stafford            40     1   3  1  

Penalty Kill 4 Players Defense
   Defense                  Defense                  Time % Phy DF OF 
 1 Erik Gudbranson          Taylor Chorney           60     1   4  0  
 2 Jonathan Sigalet         Steve Montador           40     1   4  0  

Penalty Kill - 3 Players Forward 
   Forward                                           Time % Phy DF OF 
 1 Chad Larose                                       60     1   3  1  
 2 Drew Stafford                                     40     1   3  1  

Penalty Kill - 3 Players Defense
   Defense                  Defense                  Time % Phy DF OF 
 1 Erik Gudbranson          Taylor Chorney           60     1   4  0  
 2 Jonathan Sigalet         Steve Montador           40     1   4  0  

4 vs 4 Forward 
   Center                   Wing                     Time % Phy DF OF 
 1 Matt Duchene             Alex Galchenyuk          60     0   2  3  
 2 Travis Zajac             David Booth              40     0   2  3  

4 vs 4 Defense
   Defense                  Defense                  Time % Phy DF OF 
 1 Erik Gudbranson          Jonathan Sigalet         60     0   2  3  
 2 Taylor Chorney           Brandon Gormley          40     1   2  2  

Last Minutes Offensive
   Center                   Left Wing                Right Wing               Defense                  Defense                  
   Matt Duchene             Alex Galchenyuk          Marek Svatos             Erik Gudbranson          Jonathan Sigalet         

Last Minutes Defensive
   Center                   Left Wing                Right Wing               Defense                  Defense                  
   Travis Zajac             Linus Omark              Chad Larose              Erik Gudbranson          Taylor Chorney           

Goaltenders
Starting : Petr Mrazek              
Backup : Braden Holtby            

Extra Forwards
Normal : David Booth, Alex Galchenyuk, Matt Duchene - PP : David Booth, Alex Galchenyuk - PK : Linus Omark
Extra Defensemen
Normal : Brandon Gormley, Taylor Chorney, Erik Gudbranson - PP : Brandon Gormley - PK : Brandon Gormley, Taylor Chorney
Penalty Shots
Alex Galchenyuk, Kyle Wellwood, Daniel Paille, Travis Zajac, David Booth

Scratches
Christian Ehrhoff (Healthy), Lubomir Visnovsky (Healthy)

Blackhawks

5 vs 5 Forward 
   Center                   Left Wing                Right Wing               Time % Phy DF OF 
 1 Derick Brassard          Antoine Roussel          Rick Nash                40     1   2  2  
 2 Cody Hodgson             Chris Kreider            Nathan Horton            30     1   2  2  
 3 Erik Christensen         Tomas Fleischmann        Brandon Yip              20     1   2  2  
 4 Scott Gomez              Gabriel Bourque          David Jones              10     1   2  2  

5 vs 5 Defense 
   Defense                  Defense                                           Time % Phy DF OF 
 1 Mike Green               John Carlson                                      40     1   2  2  
 2 Matthew Spiller          Justin Falk                                       30     1   2  2  
 3 Seth Jones               Kevin Marshall                                    20     1   2  2  
 4 Mike Green               John Carlson                                      10     1   2  2  

PowerPlay Forward 
   Center                   Left Wing                Right Wing               Time % Phy DF OF 
 1 Derick Brassard          Antoine Roussel          Rick Nash                60     1   2  2  
 2 Cody Hodgson             Chris Kreider            Nathan Horton            40     1   2  2  

PowerPlay Defense
   Defense                  Defense                                           Time % Phy DF OF 
 1 Mike Green               John Carlson                                      60     1   2  2  
 2 Matthew Spiller          Justin Falk                                       40     1   2  2  

Penalty Kill 4 Players Forward 
   Center                   Wing                     Time % Phy DF OF 
 1 Derick Brassard          Antoine Roussel          60     1   2  2  
 2 Chris Kreider            Rick Nash                40     1   2  2  

Penalty Kill 4 Players Defense
   Defense                  Defense                  Time % Phy DF OF 
 1 Mike Green               John Carlson             60     1   2  2  
 2 Matthew Spiller          Justin Falk              40     1   2  2  

Penalty Kill - 3 Players Forward 
   Forward                                           Time % Phy DF OF 
 1 Derick Brassard                                   60     1   2  2  
 2 Antoine Roussel                                   40     1   2  2  

Penalty Kill - 3 Players Defense
   Defense                  Defense                  Time % Phy DF OF 
 1 Mike Green               John Carlson             60     1   2  2  
 2 Matthew Spiller          Justin Falk              40     1   2  2  

4 vs 4 Forward 
   Center                   Wing                     Time % Phy DF OF 
 1 Derick Brassard          Antoine Roussel          60     1   2  2  
 2 Chris Kreider            Rick Nash                40     1   2  2  

4 vs 4 Defense
   Defense                  Defense                  Time % Phy DF OF 
 1 Mike Green               John Carlson             60     1   2  2  
 2 Matthew Spiller          Justin Falk              40     1   2  2  

Last Minutes Offensive
   Center                   Left Wing                Right Wing               Defense                  Defense                  
   Derick Brassard          Antoine Roussel          Rick Nash                Mike Green               John Carlson             

Last Minutes Defensive
   Center                   Left Wing                Right Wing               Defense                  Defense                  
   Derick Brassard          Antoine Roussel          Rick Nash                Mike Green               John Carlson             

Goaltenders
Starting : Jimmy Howard             
Backup : Ray Emery                

Extra Forwards
Normal : Tomas Fleischmann, Erik Christensen, Brandon Yip - PP : Tomas Fleischmann, Erik Christensen - PK : Brandon Yip
Extra Defensemen
Normal : Seth Jones, Kevin Marshall, Matthew Spiller - PP : Seth Jones - PK : Kevin Marshall, Matthew Spiller
Penalty Shots
Derick Brassard, Antoine Roussel, Chris Kreider, Rick Nash, Cody Hodgson

Scratches
None


% Time on Ice - Panthers

Lines # - Real PCT - Wanted PCT - Time Play
Normal Forward
1 - 33% - 40% - 14:08
2 - 25% - 30% - 10:50
3 - 27% - 20% - 11:35
4 - 14% - 10% - 6:05
Normal Defense
1 - 38% - 40% - 16:09
2 - 33% - 30% - 14:06
3 - 27% - 20% - 11:43
4 - 2% - 10% - 0:40
PP Forward
1 - 60% - 60% - 5:32
2 - 40% - 40% - 3:37
PP Defense
1 - 67% - 60% - 6:07
2 - 33% - 40% - 3:02
PK Forward
1 - 78% - 60% - 5:54
2 - 22% - 40% - 1:37
PK Defense
1 - 53% - 60% - 3:59
2 - 47% - 40% - 3:32
PK3 Forward
1 - 0% - 60%
2 - 0% - 40%
PK3 Defense
1 - 0% - 60%
2 - 0% - 40%
44 Forward
1 - 100% - 60% - 0:42
2 - 0% - 40% - 0:00
44 Defense
1 - 100% - 60% - 0:42
2 - 0% - 40% - 0:00
Last Minute Offensive  - 0:00
Last Minute Defensive  - 0:00
Total
Forward - 60:00
Defense - 60:00

% Time on Ice - Blackhawks

Lines # - Real PCT - Wanted PCT - Time Play
Normal Forward
1 - 33% - 40% - 14:00
2 - 26% - 30% - 11:06
3 - 23% - 20% - 9:38
4 - 19% - 10% - 7:54
Normal Defense
1 - 45% - 40% - 19:01
2 - 34% - 30% - 14:22
3 - 19% - 20% - 8:14
4 - 2% - 10% - 1:01
PP Forward
1 - 64% - 60% - 4:47
2 - 36% - 40% - 2:44
PP Defense
1 - 63% - 60% - 4:46
2 - 37% - 40% - 2:45
PK Forward
1 - 73% - 60% - 6:43
2 - 27% - 40% - 2:26
PK Defense
1 - 60% - 60% - 5:32
2 - 40% - 40% - 3:37
PK3 Forward
1 - 0% - 60%
2 - 0% - 40%
PK3 Defense
1 - 0% - 60%
2 - 0% - 40%
44 Forward
1 - 100% - 60% - 0:42
2 - 0% - 40% - 0:00
44 Defense
1 - 14% - 60% - 0:06
2 - 86% - 40% - 0:36
Last Minute Offensive  - 0:00
Last Minute Defensive  - 0:00
Total
Forward - 60:00
Defense - 60:00

Play-by-Play

1st period


0:01 of 1st period - Rick Nash wins face-off versus Matt Duchene in neutral zone.
0:04 of 1st period - Alex Galchenyuk is hit by Mike Green and loses puck.
0:27 of 1st period - Mike Green is hit by Chad Larose and loses puck.
0:32 of 1st period - Slapshot by David Booth.
0:32 of 1st period - Goal by David Booth - Panthers : 1 - Blackhawks : 0.
0:33 of 1st period - Erik Christensen wins face-off versus Stephen Weiss in neutral zone.
0:42 of 1st period - Wrist shot by Tomas Fleischmann.
0:42 of 1st period - Shot Misses the Net.
1:44 of 1st period - Taylor Chorney is hit by Kevin Marshall.
2:14 of 1st period - Snap shot by Stephen Weiss.
2:14 of 1st period - Shot Blocked by John Carlson.
2:32 of 1st period - Snap shot by David Booth.
2:32 of 1st period - Deflect By John Carlson.
2:32 of 1st period - Shot Misses the Net.
2:32 of 1st period - Puck is out of play.
2:33 of 1st period - Matt Duchene wins face-off versus Derick Brassard in Blackhawks zone.
3:35 of 1st period - Kevin Marshall is hit by Jonathan Sigalet and loses puck.
4:54 of 1st period - Slapshot by Brandon Gormley.
4:54 of 1st period - Shot Misses the Net.
4:56 of 1st period - Slapshot by Brandon Gormley.
4:56 of 1st period - Shot Misses the Net.
4:58 of 1st period - Slapshot by Taylor Chorney.
4:58 of 1st period - Shot Hit the Post.
5:00 of 1st period - Snap shot by Brandon Gormley.
5:00 of 1st period - Stopped by Jimmy Howard without a rebound.
5:01 of 1st period - Derick Brassard wins face-off versus Matt Duchene in Blackhawks zone.
6:31 of 1st period - Chad Larose is hit by Cody Hodgson and loses puck.
6:42 of 1st period - Slapshot by Cody Hodgson.
6:42 of 1st period - Shot Blocked by Steve Montador.
6:44 of 1st period - Slapshot by Cody Hodgson.
6:44 of 1st period - Stopped by Petr Mrazek without a rebound.
6:45 of 1st period - Derick Brassard wins face-off versus Stephen Weiss in Panthers zone.
6:54 of 1st period - Snap shot by Rick Nash.
6:54 of 1st period - Stopped by Petr Mrazek without a rebound.
6:55 of 1st period - Derick Brassard wins face-off versus Stephen Weiss in Panthers zone.
7:02 of 1st period - Snap shot by Rick Nash.
7:02 of 1st period - Deflect By Stephen Weiss.
7:02 of 1st period - Shot Misses the Net.
7:02 of 1st period - Puck is out of play.
7:03 of 1st period - Derick Brassard wins face-off versus Travis Zajac in Panthers zone.
7:28 of 1st period - Jonathan Sigalet is hit by Chris Kreider and loses puck.
7:37 of 1st period - Wrist shot by Nathan Horton.
7:37 of 1st period - Shot Blocked by Jonathan Sigalet.
9:19 of 1st period - Slapshot by Mike Green.
9:19 of 1st period - Deflect By Stephen Weiss.
9:19 of 1st period - Stopped by Petr Mrazek with a rebound.
9:33 of 1st period - Wrist shot by Scott Gomez.
9:33 of 1st period - Shot Misses the Net.
9:35 of 1st period - Snap shot by Gabriel Bourque.
9:35 of 1st period - Deflect By Scott Gomez.
9:35 of 1st period - Stopped by Petr Mrazek without a rebound.
9:36 of 1st period - Matt Duchene wins face-off versus Derick Brassard in Panthers zone.
9:45 of 1st period - Slapshot by Alex Galchenyuk.
9:45 of 1st period - Shot Blocked by Matthew Spiller.
9:47 of 1st period - Slapshot by Jonathan Sigalet.
9:47 of 1st period - Shot Misses the Net.
10:03 of 1st period - David Booth is hit by Chris Kreider and loses puck.
10:30 of 1st period - Icing by Seth Jones.
10:31 of 1st period - Stephen Weiss wins face-off versus Brandon Yip in Blackhawks zone.
10:32 of 1st period - Wrist shot by Linus Omark.
10:32 of 1st period - Stopped by Jimmy Howard without a rebound.
10:33 of 1st period - Matt Duchene wins face-off versus Derick Brassard in Blackhawks zone.
11:13 of 1st period - Wrist shot by Chris Kreider.
11:13 of 1st period - Stopped by Petr Mrazek without a rebound.
11:14 of 1st period - Cody Hodgson wins face-off versus Drew Stafford in Panthers zone.
11:37 of 1st period - Minor Penalty to Stephen Weiss for Hooking.
11:38 of 1st period - Derick Brassard wins face-off versus Travis Zajac in Panthers zone.
12:01 of 1st period - Taylor Chorney is hit by John Carlson and loses puck.
12:14 of 1st period - Snap shot by Derick Brassard.
12:14 of 1st period - Shot Misses the Net.
12:54 of 1st period - Minor Penalty to Rick Nash for Hooking.
12:55 of 1st period - Alex Galchenyuk wins face-off versus Tomas Fleischmann in Blackhawks zone.
13:04 of 1st period - Slapshot by Alex Galchenyuk.
13:04 of 1st period - Stopped by Jimmy Howard with a rebound.
13:34 of 1st period - Chris Kreider is hit by Erik Gudbranson and loses puck.
13:37 of 1st period - Penalty to Stephen Weiss is over, Stephen Weiss is back on ice.
13:39 of 1st period - Wrist shot by Alex Galchenyuk.
13:39 of 1st period - Shot Blocked by Chris Kreider.
13:41 of 1st period - Slapshot by Erik Gudbranson.
13:41 of 1st period - Stopped by Jimmy Howard with a rebound.
13:43 of 1st period - Slapshot by Jonathan Sigalet.
13:43 of 1st period - Stopped by Jimmy Howard with a rebound.
14:16 of 1st period - Slapshot by Erik Gudbranson.
14:16 of 1st period - Goal by Erik Gudbranson - Panthers : 2 - Blackhawks : 0.
14:17 of 1st period - Tomas Fleischmann wins face-off versus Travis Zajac in neutral zone.
14:57 of 1st period - Travis Zajac is hit by Matthew Spiller.
15:11 of 1st period - Travis Zajac is hit by Rick Nash.
15:25 of 1st period - Snap shot by Marek Svatos.
15:25 of 1st period - Shot Blocked by Gabriel Bourque.
15:27 of 1st period - Slapshot by Taylor Chorney.
15:27 of 1st period - Stopped by Jimmy Howard with a rebound.
15:35 of 1st period - Wrist shot by Marek Svatos.
15:35 of 1st period - Shot Misses the Net.
15:46 of 1st period - Off-side.
15:47 of 1st period - Erik Christensen wins face-off versus Stephen Weiss in neutral zone.
16:32 of 1st period - Wrist shot by Drew Stafford.
16:32 of 1st period - Shot Misses the Net.
16:34 of 1st period - Slapshot by Drew Stafford.
16:34 of 1st period - Goal by Drew Stafford - Panthers : 3 - Blackhawks : 0.
16:35 of 1st period - Matt Duchene wins face-off versus Derick Brassard in neutral zone.
17:02 of 1st period - Matthew Spiller is hit by David Booth and loses puck.
17:09 of 1st period - Slapshot by Mike Green.
17:09 of 1st period - Stopped by Petr Mrazek with a rebound.
17:11 of 1st period - Wrist shot by Nathan Horton.
17:11 of 1st period - Shot Misses the Net.
17:17 of 1st period - Minor Penalty to Chad Larose for Hooking.
17:18 of 1st period - Travis Zajac wins face-off versus Rick Nash in Panthers zone.
17:45 of 1st period - John Carlson is hit by Erik Gudbranson and loses puck.
19:17 of 1st period - Penalty to Chad Larose is over, Chad Larose is back on ice.
19:32 of 1st period - Wrist shot by Brandon Yip.
19:32 of 1st period - Stopped by Petr Mrazek without a rebound.
19:33 of 1st period - Scott Gomez wins face-off versus Kyle Wellwood in Panthers zone.
19:36 of 1st period - Snap shot by Gabriel Bourque.
19:36 of 1st period - Shot Blocked by Kyle Wellwood.
19:45 of 1st period - Minor Penalty to Gabriel Bourque for Holding Stick.
19:46 of 1st period - Derick Brassard wins face-off versus Matt Duchene in Blackhawks zone.
19:54 of 1st period - Snap shot by Alex Galchenyuk.
19:54 of 1st period - Shot Misses the Net.
19:56 of 1st period - Slapshot by Erik Gudbranson.
19:56 of 1st period - Shot Misses the Net.
19:58 of 1st period - Snap shot by Marek Svatos.
19:58 of 1st period - Stopped by Jimmy Howard with a rebound.
Goals for this period are 3 for Panthers vs 0 for Blackhawks.
Shots for this period are 10 for Panthers vs 7 for Blackhawks.

2nd period


0:01 of 2nd period - Derick Brassard wins face-off versus Alex Galchenyuk in neutral zone.
0:35 of 2nd period - Snap shot by David Booth.
0:35 of 2nd period - Stopped by Jimmy Howard with a rebound.
0:37 of 2nd period - Wrist shot by Travis Zajac.
0:37 of 2nd period - Shot Misses the Net.
0:39 of 2nd period - Slapshot by Brandon Gormley.
0:39 of 2nd period - Shot Misses the Net.
0:41 of 2nd period - Snap shot by David Booth.
0:41 of 2nd period - Shot Misses the Net.
0:43 of 2nd period - Snap shot by Travis Zajac.
0:43 of 2nd period - Stopped by Jimmy Howard without a rebound.
0:44 of 2nd period - Derick Brassard wins face-off versus Matt Duchene in Blackhawks zone.
1:07 of 2nd period - Chris Kreider is hit by Erik Gudbranson and loses puck.
1:42 of 2nd period - Jonathan Sigalet is hit by John Carlson and loses puck.
1:45 of 2nd period - Penalty to Gabriel Bourque is over, Gabriel Bourque is back on ice.
1:50 of 2nd period - Off-side.
1:51 of 2nd period - Erik Christensen wins face-off versus Linus Omark in neutral zone.
1:58 of 2nd period - Wrist shot by Erik Christensen.
1:58 of 2nd period - Shot Blocked by Linus Omark.
3:08 of 2nd period - Snap shot by Gabriel Bourque.
3:08 of 2nd period - Shot Blocked by Daniel Paille.
3:30 of 2nd period - Wrist shot by Tomas Fleischmann.
3:30 of 2nd period - Goal by Tomas Fleischmann - Panthers : 3 - Blackhawks : 1.
3:31 of 2nd period - Matt Duchene wins face-off versus Derick Brassard in neutral zone.
3:36 of 2nd period - Wrist shot by Alex Galchenyuk.
3:36 of 2nd period - Goal by Alex Galchenyuk - Panthers : 4 - Blackhawks : 1.
3:36 of 2nd period - Ray Emery enters game.
3:37 of 2nd period - Derick Brassard wins face-off versus Matt Duchene in neutral zone.
3:39 of 2nd period - Off-side.
3:40 of 2nd period - Derick Brassard wins face-off versus Matt Duchene in neutral zone.
3:54 of 2nd period - Minor Penalty to Erik Gudbranson for Slashing.
3:55 of 2nd period - Travis Zajac wins face-off versus Derick Brassard in Panthers zone.
4:11 of 2nd period - Slapshot by Derick Brassard.
4:11 of 2nd period - Goal by Derick Brassard - Panthers : 4 - Blackhawks : 2.
4:12 of 2nd period - Derick Brassard wins face-off versus Matt Duchene in neutral zone.
4:49 of 2nd period - Wrist shot by Travis Zajac.
4:49 of 2nd period - Shot Misses the Net.
4:51 of 2nd period - Slapshot by Erik Gudbranson.
4:51 of 2nd period - Stopped by Ray Emery without a rebound.
4:52 of 2nd period - Stephen Weiss wins face-off versus Nathan Horton in Blackhawks zone.
4:53 of 2nd period - Wrist shot by Drew Stafford.
4:53 of 2nd period - Shot Misses the Net.
4:56 of 2nd period - Icing by Matthew Spiller.
4:57 of 2nd period - Cody Hodgson wins face-off versus Stephen Weiss in Blackhawks zone.
4:57 of 2nd period - Cody Hodgson is hit by Stephen Weiss.
5:16 of 2nd period - Minor Penalty to Nathan Horton for Cross-checking.
5:17 of 2nd period - Derick Brassard wins face-off versus Matt Duchene in Blackhawks zone.
5:49 of 2nd period - Snap shot by David Booth.
5:49 of 2nd period - Goal by David Booth - Panthers : 5 - Blackhawks : 2.
5:50 of 2nd period - Rick Nash wins face-off versus Matt Duchene in neutral zone.
6:18 of 2nd period - Slapshot by Erik Gudbranson.
6:18 of 2nd period - Shot Misses the Net.
6:20 of 2nd period - Snap shot by Chad Larose.
6:20 of 2nd period - Deflect By Travis Zajac.
6:20 of 2nd period - Shot Misses the Net.
6:20 of 2nd period - Puck is out of play.
6:21 of 2nd period - Cody Hodgson wins face-off versus Travis Zajac in Blackhawks zone.
6:26 of 2nd period - Slapshot by Chris Kreider.
6:26 of 2nd period - Stopped by Petr Mrazek with a rebound.
6:28 of 2nd period - Slapshot by Matthew Spiller.
6:28 of 2nd period - Stopped by Petr Mrazek with a rebound.
6:32 of 2nd period - Snap shot by Cody Hodgson.
6:32 of 2nd period - Stopped by Petr Mrazek without a rebound.
6:33 of 2nd period - Matt Duchene wins face-off versus Derick Brassard in Panthers zone.
7:00 of 2nd period - John Carlson is hit by Jonathan Sigalet and loses puck.
7:05 of 2nd period - Wrist shot by David Booth.
7:05 of 2nd period - Stopped by Ray Emery with a rebound.
7:07 of 2nd period - Snap shot by Travis Zajac.
7:07 of 2nd period - Deflect By Chad Larose.
7:07 of 2nd period - Stopped by Ray Emery without a rebound.
7:08 of 2nd period - Chad Larose wins face-off versus Derick Brassard in Blackhawks zone.
7:17 of 2nd period - Slapshot by David Booth.
7:17 of 2nd period - Stopped by Ray Emery with a rebound.
7:35 of 2nd period - Snap shot by Matt Duchene.
7:35 of 2nd period - Stopped by Ray Emery with a rebound.
7:37 of 2nd period - Snap shot by Alex Galchenyuk.
7:37 of 2nd period - Goal by Alex Galchenyuk - Panthers : 6 - Blackhawks : 2.
7:38 of 2nd period - Derick Brassard wins face-off versus Matt Duchene in neutral zone.
7:42 of 2nd period - Minor Penalty to Mike Green for Diving.
7:43 of 2nd period - Matt Duchene wins face-off versus Derick Brassard in Blackhawks zone.
8:00 of 2nd period - Wrist shot by Alex Galchenyuk.
8:00 of 2nd period - Deflect By John Carlson.
8:00 of 2nd period - Stopped by Ray Emery with a rebound.
9:33 of 2nd period - Alex Galchenyuk is hit by Brandon Yip and loses puck.
9:42 of 2nd period - Penalty to Mike Green is over, Mike Green is back on ice.
10:06 of 2nd period - Icing by Nathan Horton.
10:07 of 2nd period - Cody Hodgson wins face-off versus Stephen Weiss in Blackhawks zone.
10:38 of 2nd period - Chad Larose is hit by Rick Nash.
11:00 of 2nd period - Patrick Eaves is hit by Brandon Yip and loses puck.
12:05 of 2nd period - Slapshot by Tomas Fleischmann.
12:05 of 2nd period - Stopped by Petr Mrazek without a rebound.
12:06 of 2nd period - Erik Christensen wins face-off versus Stephen Weiss in Panthers zone.
12:09 of 2nd period - Wrist shot by Erik Christensen.
12:09 of 2nd period - Stopped by Petr Mrazek with a rebound.
12:29 of 2nd period - Wrist shot by Stephen Weiss.
12:29 of 2nd period - Stopped by Ray Emery with a rebound.
12:58 of 2nd period - Minor Penalty to Stephen Weiss for Roughing.
12:59 of 2nd period - Travis Zajac wins face-off versus Derick Brassard in Panthers zone.
12:59 of 2nd period - Travis Zajac is hit by Rick Nash.
13:14 of 2nd period - Off-side.
13:15 of 2nd period - Travis Zajac wins face-off versus Derick Brassard in neutral zone.
14:58 of 2nd period - Penalty to Stephen Weiss is over, Stephen Weiss is back on ice.
15:03 of 2nd period - Icing by Alex Galchenyuk.
15:04 of 2nd period - Linus Omark wins face-off versus Erik Christensen in Panthers zone.
15:04 of 2nd period - Linus Omark is hit by John Carlson.
15:10 of 2nd period - Slapshot by Seth Jones.
15:10 of 2nd period - Stopped by Petr Mrazek with a rebound.
15:12 of 2nd period - Wrist shot by Brandon Yip.
15:12 of 2nd period - Shot Misses the Net.
15:14 of 2nd period - Wrist shot by Brandon Yip.
15:14 of 2nd period - Shot Misses the Net.
15:18 of 2nd period - Snap shot by Erik Christensen.
15:18 of 2nd period - Shot Misses the Net.
15:20 of 2nd period - Slapshot by Kevin Marshall.
15:20 of 2nd period - Shot Blocked by Taylor Chorney.
15:52 of 2nd period - Wrist shot by Taylor Chorney.
15:52 of 2nd period - Deflect By Chad Larose.
15:52 of 2nd period - Shot Misses the Net.
15:52 of 2nd period - Puck is out of play.
15:53 of 2nd period - Derick Brassard wins face-off versus Travis Zajac in Blackhawks zone.
15:58 of 2nd period - Slapshot by John Carlson.
15:58 of 2nd period - Shot Misses the Net.
16:18 of 2nd period - Jonathan Sigalet is hit by Cody Hodgson.
16:22 of 2nd period - Mike Green is hit by Marek Svatos.
16:35 of 2nd period - Minor Penalty to Mike Green for High sticking.
16:36 of 2nd period - Matt Duchene wins face-off versus Antoine Roussel in Blackhawks zone.
16:49 of 2nd period - Wrist shot by Matthew Spiller.
16:49 of 2nd period - Stopped by Petr Mrazek without a rebound.
16:50 of 2nd period - Derick Brassard wins face-off versus Matt Duchene in Panthers zone.
18:17 of 2nd period - Icing by Taylor Chorney.
18:18 of 2nd period - Travis Zajac wins face-off versus Derick Brassard in Panthers zone.
18:35 of 2nd period - Penalty to Mike Green is over, Mike Green is back on ice.
19:09 of 2nd period - Wrist shot by Daniel Paille.
19:09 of 2nd period - Stopped by Ray Emery without a rebound.
19:10 of 2nd period - Matt Duchene wins face-off versus Derick Brassard in Blackhawks zone.
19:13 of 2nd period - Wrist shot by Alex Galchenyuk.
19:13 of 2nd period - Shot Blocked by Justin Falk.
19:40 of 2nd period - Jonathan Sigalet is hit by Tomas Fleischmann and loses puck.
Goals for this period are 3 for Panthers vs 2 for Blackhawks.
Shots for this period are 13 for Panthers vs 9 for Blackhawks.

3rd period


0:01 of 3rd period - Derick Brassard wins face-off versus Matt Duchene in neutral zone.
0:13 of 3rd period - Erik Gudbranson is hit by Mike Green.
0:15 of 3rd period - Wrist shot by Matt Duchene.
0:15 of 3rd period - Goal by Matt Duchene - Panthers : 7 - Blackhawks : 2.
0:16 of 3rd period - Matt Duchene wins face-off versus Derick Brassard in neutral zone.
0:51 of 3rd period - Mike Green is hit by Jonathan Sigalet and loses puck.
1:49 of 3rd period - Minor Penalty to David Jones for Tripping.
1:50 of 3rd period - Derick Brassard wins face-off versus Matt Duchene in Blackhawks zone.
2:01 of 3rd period - Wrist shot by Matt Duchene.
2:01 of 3rd period - Shot Misses the Net.
3:49 of 3rd period - Penalty to David Jones is over, David Jones is back on ice.
4:09 of 3rd period - Slapshot by Antoine Roussel.
4:09 of 3rd period - Stopped by Petr Mrazek without a rebound.
4:10 of 3rd period - Kyle Wellwood wins face-off versus Erik Christensen in Panthers zone.
4:35 of 3rd period - Cody Hodgson is hit by Stephen Weiss and loses puck.
6:21 of 3rd period - Chris Kreider is hit by Brandon Gormley and loses puck.
6:26 of 3rd period - Snap shot by Travis Zajac.
6:26 of 3rd period - Shot Misses the Net.
6:28 of 3rd period - Snap shot by Steve Montador.
6:28 of 3rd period - Shot Misses the Net.
6:30 of 3rd period - Snap shot by David Booth.
6:30 of 3rd period - Shot Blocked by Kevin Marshall.
6:32 of 3rd period - Slapshot by Matt Irwin.
6:32 of 3rd period - Deflect By Travis Zajac.
6:32 of 3rd period - Shot Misses the Net.
6:32 of 3rd period - Puck is out of play.
6:33 of 3rd period - Matt Duchene wins face-off versus Derick Brassard in Blackhawks zone.
6:36 of 3rd period - Wrist shot by Alex Galchenyuk.
6:36 of 3rd period - Stopped by Ray Emery without a rebound.
6:37 of 3rd period - Matt Duchene wins face-off versus Derick Brassard in Blackhawks zone.
7:13 of 3rd period - Wrist shot by Rick Nash.
7:13 of 3rd period - Deflect By Derick Brassard.
7:13 of 3rd period - Shot Misses the Net.
7:13 of 3rd period - Puck is out of play.
7:14 of 3rd period - Travis Zajac wins face-off versus Cody Hodgson in Panthers zone.
8:03 of 3rd period - Brandon Gormley is hit by John Carlson and loses puck.
8:12 of 3rd period - Slapshot by John Carlson.
8:12 of 3rd period - Stopped by Petr Mrazek with a rebound.
8:14 of 3rd period - Snap shot by Scott Gomez.
8:14 of 3rd period - Shot Misses the Net.
8:37 of 3rd period - Minor Penalty to Alex Galchenyuk for Hooking.
8:38 of 3rd period - Derick Brassard wins face-off versus Travis Zajac in Panthers zone.
10:25 of 3rd period - Justin Falk is hit by Erik Gudbranson and loses puck.
10:37 of 3rd period - Penalty to Alex Galchenyuk is over, Alex Galchenyuk is back on ice.
12:03 of 3rd period - Taylor Chorney is hit by Scott Gomez and loses puck.
12:14 of 3rd period - Snap shot by Patrick Eaves.
12:14 of 3rd period - Shot Misses the Net.
12:16 of 3rd period - Slapshot by Taylor Chorney.
12:16 of 3rd period - Shot Misses the Net.
12:18 of 3rd period - Wrist shot by Patrick Eaves.
12:18 of 3rd period - Stopped by Ray Emery with a rebound.
12:43 of 3rd period - Linus Omark is hit by Tomas Fleischmann and loses puck.
12:56 of 3rd period - Wrist shot by David Booth.
12:56 of 3rd period - Shot Blocked by Mike Green.
13:38 of 3rd period - Brandon Yip is hit by Erik Gudbranson and loses puck.
14:11 of 3rd period - Drew Stafford is hit by David Jones and loses puck.
14:54 of 3rd period - Wrist shot by Drew Stafford.
14:54 of 3rd period - Shot Blocked by Justin Falk.
14:56 of 3rd period - Backhand shot by Stephen Weiss.
14:56 of 3rd period - Stopped by Ray Emery with a rebound.
14:58 of 3rd period - Snap shot by Linus Omark.
14:58 of 3rd period - Goal by Linus Omark - Panthers : 8 - Blackhawks : 2.
14:59 of 3rd period - Derick Brassard wins face-off versus Matt Duchene in neutral zone.
14:59 of 3rd period - Mike Green beats up Alex Galchenyuk.
14:59 of 3rd period - Penalty to Mike Green for Fighting.
14:59 of 3rd period - Penalty to Alex Galchenyuk for Fighting.
15:00 of 3rd period - Matt Duchene wins face-off versus Derick Brassard in neutral zone.
15:05 of 3rd period - Slapshot by Erik Gudbranson.
15:05 of 3rd period - Stopped by Ray Emery with a rebound.
15:27 of 3rd period - Seth Jones is hit by Drew Stafford and loses puck.
15:54 of 3rd period - Slapshot by John Carlson.
15:54 of 3rd period - Stopped by Petr Mrazek without a rebound.
15:55 of 3rd period - Matt Duchene wins face-off versus Antoine Roussel in Panthers zone.
16:10 of 3rd period - Snap shot by Seth Jones.
16:10 of 3rd period - Stopped by Petr Mrazek with a rebound.
16:12 of 3rd period - Snap shot by Antoine Roussel.
16:12 of 3rd period - Goal by Antoine Roussel - Panthers : 8 - Blackhawks : 3.
16:13 of 3rd period - Rick Nash wins face-off versus Matt Duchene in neutral zone.
16:48 of 3rd period - Snap shot by Stephen Weiss.
16:48 of 3rd period - Shot Misses the Net.
17:12 of 3rd period - Wrist shot by Daniel Paille.
17:12 of 3rd period - Shot Blocked by Justin Falk.
17:53 of 3rd period - Icing by Steve Montador.
17:54 of 3rd period - Derick Brassard wins face-off versus Matt Duchene in Panthers zone.
18:26 of 3rd period - Wrist shot by Derick Brassard.
18:26 of 3rd period - Shot Misses the Net.
19:00 of 3rd period - Slapshot by Derick Brassard.
19:00 of 3rd period - Deflect By Antoine Roussel.
19:00 of 3rd period - Stopped by Petr Mrazek without a rebound.
19:01 of 3rd period - Travis Zajac wins face-off versus Chris Kreider in Panthers zone.
19:14 of 3rd period - Wrist shot by David Booth.
19:14 of 3rd period - Shot Misses the Net.
19:26 of 3rd period - Drew Stafford is hit by Tomas Fleischmann and loses puck.
19:52 of 3rd period - Chad Larose is hit by Scott Gomez and loses puck.
19:59 of 3rd period - Snap shot by Scott Gomez.
19:59 of 3rd period - Shot Blocked by Taylor Chorney.
Goals for this period are 2 for Panthers vs 1 for Blackhawks.
Shots for this period are 6 for Panthers vs 6 for Blackhawks.